 Dungeon Crawl Stone Soup version 0.29-a0-393-g47a863cc1b (webtiles) character file.

Game seed: 11215714358794921845

1134 bande the Chopper (level 8, -3/50 HPs)
             Began as a Gargoyle Fighter on May 10, 2022.
             Was a Follower of Okawaru.
             Slain by Edmund
             ... wielding a +4 vorpal dire flail
              (12 damage)
             ... on level 6 of the Dungeon.
             The game lasted 00:08:47 (5801 turns).

bande the Chopper (Gargoyle Fighter)                Turns: 5801, Time: 00:08:47

Health: -3/50      AC: 14    Str: 19    XL:     8   Next: 36%
Magic:  10/10      EV:  9    Int: 10    God:    Okawaru [*.....]
Gold:   341        SH:  6    Dex: 11    Spells: 7/7 levels left

rFire   . . .      SeeInvis +   a - +0 war axe
rCold   + . .      Faith    .   c - +1 buckler
rNeg    + . .      Spirit   .   b - +0 scale mail
rPois   ∞          Reflect  .   s - +0 helmet
rElec   +          Harm     .   g - scarf {repulsion}
rCorr   .          Rampage  .   (no gloves)
Will    .....                   (no boots)
Stlth   ..........              (no amulet)
HPRegen 0.16/turn               i - ring of protection from cold
MPRegen 0.12/turn               f - ring of see invisible

@: repel missiles
A: sickness immunity, AC +5, negative energy resistance 1, electricity
resistance, torment resistance 1, petrification resistance
a: Renounce Religion, Heroism


You were on level 6 of the Dungeon.
You worshipped Okawaru.
Okawaru was aware of your devotion.
You visited 2 branches of the dungeon, and saw 7 of its levels.
You also visited: Sewer.

You collected 341 gold pieces.

Inventory:

Hand Weapons
 a - a +0 war axe (weapon)
 n - a +0 flail
Armour
 b - a +0 scale mail (worn)
 c - a +1 buckler (worn)
 g - a scarf of repulsion (worn)
 s - a +0 helmet (worn)
Jewellery
 f - a ring of see invisible (right hand)
 i - a ring of protection from cold (left hand)
Scrolls
 e - 5 scrolls of fog
 k - 2 scrolls of teleportation
 m - a scroll of amnesia
 t - a scroll of silence
 v - a scroll of enchant armour
 w - a scroll of fear
 x - a scroll of magic mapping
Potions
 d - a potion of ambrosia
 h - 2 potions of haste
 j - a potion of heal wounds
 l - 2 potions of brilliance
 o - 3 potions of flight
 p - 2 potions of curing
 q - 3 potions of might
 r - 2 potions of magic {unknown}
 u - a potion of attraction {unknown}


   Skills:
 + Level 5.4 Fighting
 + Level 5.9 Axes
 + Level 5.7 Armour
 + Level 4.6 Shields
 * Level 3.2 Invocations


You had 7 spell levels left.
You didn't know any spells.
Your spell library contained the following spells:

 Spells                   Type           Power      Damage    Failure   Level
 Conjure Flame            Conj/Fire      0%         6-21      99%         3
 Ignite Poison            Fire/Tmut/Pois 0%         N/A       99%         3
 Sticky Flame             Conj/Fire      0%         2d3       100%        4


Dungeon Overview and Level Annotations

Branches:
Dungeon (6/15)             Temple (1/1) D:4           Sewer (visited)

Altars:
Ashenzari
Fedhas
Gozag
Hepliaklqana
Kikubaaqudgha
Nemelex Xobeh
Okawaru
Qazlal
Sif Muna
Uskayaw
Vehumet
Wu Jian
Xom
Yredelemnul
Zin

Shops:
D:1 ?[[=(

Annotations:
D:6 Edmund


Innate Abilities, Weirdness & Mutations

You are immune to sickness and miasma.
Your stone body is resilient. (AC +5)
You are immune to poison.
You resist negative energy. (rN+)
You are resistant to electric shocks. (rElec)
You are resistant to unholy torment.
You are immune to petrification.


Message History

You hit Edmund but do no damage.
Edmund hits you with a +4 vorpal dire flail!
You closely miss Edmund. You block Edmund's attack.
You slash Edmund!
Edmund is moderately wounded.
Edmund barely misses you.
You slash Edmund!
Edmund is heavily wounded.
Edmund barely misses you.
You hit Edmund but do no damage.
Edmund is heavily wounded.
Edmund barely misses you.
Edmund hits you with a +4 vorpal dire flail.
You slash Edmund!
Edmund is severely wounded.
Edmund hits you with a +4 vorpal dire flail!
You are too injured to fight recklessly!
You are too injured to fight recklessly!
You are too injured to fight recklessly!
You are too injured to fight recklessly!
You are too injured to fight recklessly!
You are too injured to fight recklessly!
You hit Edmund but do no damage.
Edmund is severely wounded.
You block Edmund's attack.
You barely miss Edmund.
Edmund is severely wounded.
Edmund says, "Everyone always remembers my brother. 'Who's Edmund?' they ask!"
Edmund closely misses you.
You slash Edmund!
Edmund is almost dead.
Edmund hits you with a +4 vorpal dire flail.
* * * LOW HITPOINT WARNING * * *
x2 Edmund says, "You wouldn't believe how much I paid for this flail."
Edmund hits you with a +4 vorpal dire flail.
* * * LOW HITPOINT WARNING * * *
x2 You barely miss Edmund.
Edmund is almost dead.
Edmund hits you with a +4 vorpal dire flail!
You die...

............#
...........# #..
...........# #...
...........# .....
...........##.....
..................
..................
....###$..........
...# ##..@.......
#. #...@......
#...........
.............
.............#.
............##
............#
.............


You could see Edmund.

Vanquished Creatures
  A black bear (D:5)
  An ice beast (D:5)
  An ogre (D:4)
  3 scorpions (D:5)
  A howler monkey (D:5)
  A hound (D:5)
  2 jellies (D:5)
  2 orc priests (D:6)
  3 iguanas
  8 orc wizards
  2 gnolls (D:1)
  9 adders
  A river rat (Sewer)
  2 white imps (D:5)
  3 worms
  4 dart slugs
  16 orcs
  13 endoplasms
  A giant cockroach (D:3)
  3 goblins
  2 hobgoblins
  6 jackals
  10 kobolds
  A quokka (D:4)
  8 ball pythons
  A bat (D:1)
  5 frilled lizards
  7 rats
117 creatures vanquished.

Notes
Turn   | Place    | Note
-------+----------+-------------------------------------------
     0 | D:1      | bande the Gargoyle Fighter began the quest for the Orb.
     0 | D:1      | Reached XP level 1. HP: 14/14 MP: 1/1
    44 | D:1      | Reached XP level 2. HP: 4/20 MP: 2/2
   330 | D:1      | Found Nowuq's Weapon Shop.
   504 | D:1      | Found Loegas's Jewellery Emporium.
   627 | D:1      | Reached XP level 3. HP: 23/24 MP: 3/3
   690 | D:1      | Found Luytoq's Antique Armour Boutique.
   844 | D:1      | Found Roikas's Armour Boutique.
   944 | D:1      | Found Geeraid Rit's Magic Scroll Emporium.
  1222 | D:2      | Reached XP level 4. HP: 26/29 MP: 4/4
  1257 | D:2      | Found a hazy altar of Hepliaklqana.
  2111 | D:3      | Found a faded altar of an unknown god.
  2248 | D:3      | Reached XP level 5. HP: 24/33 MP: 5/5
  2702 | D:4      | Noticed an ogre
  2709 | D:4      | Killed an ogre
  2754 | D:4      | Reached XP level 6. HP: 12/39 MP: 6/6
  2846 | D:4      | Found a glowing drain.
  2852 | Sewer    | Entered a sewer
  3512 | D:4      | Found a staircase to the Ecumenical Temple.
  3547 | Temple   | Entered the Ecumenical Temple
  3555 | Temple   | Became a worshipper of Warmaster Okawaru
  3991 | D:5      | Entered Level 5 of the Dungeon
  4199 | D:5      | Reached skill level 5 in Armour
  4199 | D:5      | Reached skill level 1 in Invocations
  4199 | D:5      | Reached XP level 7. HP: 29/44 MP: 7/7
  4516 | D:5      | Reached skill level 5 in Fighting
  4554 | D:5      | Reached skill level 5 in Axes
  4646 | D:5      | Reached * piety under Okawaru
  5232 | D:5      | Reached XP level 8. HP: 27/49 MP: 8/10
  5788 | D:6      | Noticed Edmund
  5801 | D:6      | Slain by Edmund

Illustrated notes

Levels and vault maps discovered:
D:1:      lightli_arrival_windingriver, layout_loops_ring, serial_shops,
          nicolae_shop_statue_plus, nicolae_diamond_shop, shop,
          nicolae_shop_hallway_stairs, nicolae_shop_crystal,
          wander_ebering_terrifying_dragon_lair
D:2:      layout_basic, basic_altar
D:3:      layout_basic, ebering_ecumenical_altar_rust
D:4:      layout_cave_pools, minmay_temple_entry_butterflies,
          portal_sewer_entry_e
D:5:      layout_basic
D:6:      layout_layer_cave, mainiacjoe_overflow_catwalk,
          hangedman_decor_slide_cut, uniq_edmund, uniq_grinder
Temple:   nicolae_temple_no_exploring_needed

Skill      XL: |  1  2  3  4  5  6  7  8 |
---------------+-------------------------+-----
Fighting       | 4 5 |  5.4
Axes           | 2 3 4 5 |  5.9
Armour         | 4 5 |  5.7
Shields        | 4 |  4.6
Invocations    | 1 2 3 |  3.2

Action                   |  1- 3 |  4- 6 |  7- 9 || total
-------------------------+-------+-------+-------++-------
Melee: War axe           |    76 |   233 |   129 ||   438
  Use: Scroll            |     6 |     6 |     5 ||    17
       Potion            |       |     1 |     1 ||     2
Armor: Scale mail        |    38 |   114 |    95 ||   247
Dodge: Dodged            |    47 |   100 |    73 ||   220
       Repelled          |       |     1 |     4 ||     5
Block: Buckler           |    19 |    34 |    44 ||    97

Table legend: (Time is in decaauts)
 A = Elapsed time spent in this place.
 B = Non-inter-level travel time spent in this place.
 C = Inter-level travel time spent in this place.
 D = Time resting spent in this place.
 E = Time spent auto-exploring this place.
 F = Levels seen in this place.
 G = Mean time per level.
                   A        B        C        D        E       F      G
               +--------+--------+--------+--------+--------+-----+--------+
         Total |   6031 |   5846 |    185 |    822 |   3706 |   8 |  753.9 |
       Dungeon |   5271 |   5086 |    185 |    583 |   3427 |   6 |  878.5 |
        Temple |     16 |     16 |      0 |      0 |      0 |   1 |   16.0 |
         Sewer |    742 |    742 |      0 |    239 |    279 |   1 |  742.0 |
               +--------+--------+--------+--------+--------+-----+--------+

Top non-repeatable levels by time:
     D:5: 1423 daAuts
     D:1: 1217 daAuts
     D:3: 793 daAuts
   Sewer: 742 daAuts
     D:2: 713 daAuts
     D:4: 686 daAuts
     D:6: 436 daAuts
  Temple: 16 daAuts
